 Dungeon Crawl Stone Soup version 0.31-a0-237-g2d982f9f85 (webtiles) character file.

Game seed: 17729497738257117143

134 qw the Shooter (level 5, -4/30 HPs)
             Began as a Gargoyle Hexslinger on July 10, 2023.
             Killed by divine providence
             ... invoked by an orc priest
              (9 damage)
             ... on level 4 of the Dungeon.
             The game lasted 00:01:02 (2534 turns).

qw the Shooter (Gargoyle Hexslinger)                Turns: 2534, Time: 00:01:03

Health: -4/30      AC: 10    Str: 12    XL:     5   Next: 17%
Magic:  6/6        EV: 10    Int: 13    God:
Gold:   151        SH:  0    Dex: 14    Spells: 5/6 levels left

rFire   . . .        Y - +2 sling (flame)
rCold   . . .        (no shield)
rNeg    + . .        j - +0 ring mail
rPois   inf          (no helmet)
rElec   +            c - +0 cloak
rCorr   .            (no gloves)
SInv    .            (no boots)
Will    .....        b - amulet of faith
Stlth   +            (no ring)
HPRegen 0.25/turn    (no ring)
MPRegen 0.10/turn

%: faith
@: no status effects
A: sickness immunity, AC +4, negative energy resistance 1, electricity
resistance, torment resistance 1, petrification resistance
a: no special abilities


You were on level 4 of the Dungeon.
You visited 1 branch of the dungeon, and saw 4 of its levels.

You collected 151 gold pieces.


Innate Abilities, Weirdness & Mutations

You are immune to sickness and miasma.
Your stone body is resilient. (AC +4)
You are immune to poison.
You resist negative energy. (rN+)
You are resistant to electric shocks. (rElec)
You are resistant to unholy torment.
You are immune to petrification.


   Skills:
 - Level 2.0 Fighting
 + Level 4.7 Ranged Weapons
 - Level 1.0 Armour
 - Level 1.5 Dodging
 - Level 1.0 Spellcasting
 - Level 2.6 Hexes


You had 5 spell levels left.
You knew the following spells:

 Your Spells              Type           Power      Damage    Failure   Level
a - Slow                  Hex            28%        N/A       22%         1

Your spell library contained the following spells:

 Spells                   Type           Power      Damage    Failure   Level
 Inner Flame              Hex/Fire       4%         N/A       73%         3
 Portal Projectile        Hex/Tloc       8%         N/A       73%         3
 Cause Fear               Hex            3%         N/A       91%         4

Inventory:

Hand Weapons
 Y - a +2 sling of flaming (weapon)
Armour
 c - a +0 cloak (worn)
 j - a +0 ring mail (worn)
Jewellery
 b - an amulet of faith (around neck)
Scrolls
 h - 2 scrolls of identify
Potions
 a - a potion of haste
 e - a potion of enlightenment {unknown}
 f - a potion of curing {unknown}
 g - a potion of attraction {unknown}
 k - a potion of magic {unknown}
 o - a potion of ambrosia {unknown}

Dungeon Overview and Level Annotations

Branches:
Dungeon (4/15)
 Temple: D:4-7

Altars:
Nemelex Xobeh
Zin

Shops:
D:2 =


Message History

You feel much better.
The orc priest miscasts a cantrip.
You shoot a sling bullet. The sling bullet hits the orc priest.
The sling bullet burns the orc priest.
The orc priest is lightly wounded.
The orc priest hits you but does no damage.
You shoot a sling bullet.
The sling bullet barely misses the orc priest.
The orc priest mumbles some strange prayers to Beogh against you.
Beogh smites you!
Ouch! That really hurt!
The orc priest hits you but does no damage.
The orc priest looks encouraged for a moment.
The orc priest hits you but does no damage.
You shoot a sling bullet.
The sling bullet barely misses the orc priest.
The orc priest calls down the wrath of Beogh upon you.
You barely resist. You shoot a sling bullet.
The sling bullet closely misses the orc priest.
The orc priest barely misses you.
You shoot a sling bullet.
The sling bullet hits the orc priest but does no damage.
The orc priest is lightly wounded.
The orc priest begins to cast a cantrip, but forgets the words!
The orc priest hits you with a +0 hand axe.
You shoot a sling bullet.
The sling bullet barely misses the orc priest.
The orc priest completely misses you.
You shoot a sling bullet.
The sling bullet closely misses the orc priest.
The orc priest barely misses you.
You shoot a sling bullet.
The sling bullet closely misses the orc priest.
The orc priest hits you but does no damage.
You shoot a sling bullet.
The sling bullet barely misses the orc priest.
The orc priest calls down the wrath of Beogh upon you.
Beogh smites you!
You die...

#._.'.)...#...#..~.~...#
##.##.##.##.#.:..~......
.###.#.###..##...~..##.#
.....#...........~####.#
..#.###.######.........#
#.......# ##...######
##...#### ##.## #...#
#.# #.######## #@#
#.#~~~~#.# #o#
#.#~~~~#.# o{.
#.'~~~~'.# .....
###~~~~### .?.....
#~~~~# ......... ######
+.........+ #.........#


You could see 2 orc priests.

Vanquished Creatures
  A hound (D:3)
  2 adders
  4 worms (D:2)
  3 orcs
  7 ball pythons
  9 endoplasms
  3 giant cockroaches
  5 goblins
  9 hobgoblins
  7 jackals
  A kobold (D:3)
  4 quokkas
  6 bats
  A frilled lizard (D:3)
  3 rats
65 creatures vanquished.

Notes
Turn   | Place    | Note
-------+----------+-------------------------------------------
     0 | D:1      | qw the Gargoyle Hexslinger began the quest for the Orb.
     0 | D:1      | Reached XP level 1. HP: 12/12 MP: 2/2
     0 | D:1      | 0 ||| qw: Version: 0.3-a-52-g30416fa
     0 | D:1      | 0 ||| qw: Game counter: 5272
     0 | D:1      | 0 ||| qw: Melee chars always use a shield: true
     0 | D:1      | 0 ||| qw: God list: Okawaru
     0 | D:1      | 0 ||| qw: Allow faded altars: false
     0 | D:1      | 0 ||| qw: Do Orc after clearing Dungeon:15 true
     0 | D:1      | 0 ||| qw: Do second Lair branch before Depths: true
     0 | D:1      | 0 ||| qw: Lair rune preference: random
     0 | D:1      | 0 ||| qw: Goals: Normal
     0 | D:1      | 0 ||| PLANNING D:1-11
   251 | D:1      | Reached XP level 2. HP: 16/16 MP: 3/3
   329 | D:1      | Reached skill level 3 in Ranged Weapons
   648 | D:1      | 648 ||| UPGRADING to +0 leather armour.
   658 | D:1      | 658 ||| DROPPING +0 robe.
   659 | D:1      | 659 ||| READING scroll labelled NIXATH SEUCYNN.
   660 | D:1      | 660 ||| READING 2 scrolls labelled PUDEVO KIENIS.
   661 | D:1      | 661 ||| READING scroll labelled FOWNUE XURATIL.
   662 | D:1      | 662 ||| READING scroll labelled ZUCAVIARINUL.
   763 | D:1      | 763 ||| READING scroll labelled PEIDWA HINAK.
   764 | D:1      | 764 ||| DROPPING scroll of poison.
   785 | D:2      | Reached XP level 3. HP: 21/21 MP: 4/4
  1145 | D:2      | Found Gug Hymi's Jewellery Emporium.
  1167 | D:2      | 1167 ||| SHOPLISTING +5 ring of evasion (360 gold, have
                  | 96).
  1167 | D:2      | 1167 ||| SHOPLISTING +6 ring of strength (360 gold, have
                  | 96).
  1167 | D:2      | 1167 ||| SHOPLISTING ring of protection from cold (250
                  | gold, have 96).
  1167 | D:2      | 1167 ||| SHOPLISTING ring of resist corrosion (200 gold,
                  | have 96).
  1257 | D:2      | HP: 2/21 [worm (6)]
  1524 | D:2      | 1524 ||| UPGRADING to +0 cloak.
  1529 | D:2      | 1529 ||| UPGRADING to +0 ring mail.
  1539 | D:2      | 1539 ||| DROPPING +0 leather armour.
  1540 | D:2      | 1540 ||| UPGRADING to amulet of faith.
  1545 | D:2      | 1545 ||| DROPPING ring of wizardry.
  1546 | D:2      | 1546 ||| READING 2 scrolls of identify.
  1546 | D:2      | 1546 ||| IDENTIFYING fizzy coppery potion
  1612 | D:3      | Found a glowing silver altar of Zin.
  1711 | D:3      | Reached XP level 4. HP: 26/26 MP: 5/5
  1806 | D:3      | Reached skill level 1 in Armour
  1946 | D:3      | Reached skill level 4 in Ranged Weapons
  2185 | D:3      | Reached XP level 5. HP: 30/30 MP: 6/6
  2338 | D:3      | 2338 ||| READING scroll labelled JOERAPP MENA.
  2339 | D:3      | 2339 ||| READING scroll labelled JIYSO UDDAT.
  2340 | D:3      | 2340 ||| READING scroll labelled XIF XA TIR.
  2341 | D:3      | 2341 ||| READING scroll labelled FABBOPS HYGRAM.
  2342 | D:3      | 2342 ||| DRINKING 3 white potions.
  2474 | D:4      | Found a sparkling altar of Nemelex Xobeh.
  2519 | D:4      | HP: 3/30 [orc priest/divine providence (15)]
  2520 | D:4      | 2520 ||| DRINKING 2 potions of heal wounds.
  2524 | D:4      | HP: 3/30 [orc priest/divine providence (10)]
  2525 | D:4      | 2525 ||| DRINKING potion of heal wounds.
  2530 | D:4      | HP: 4/30 [orc priest/+0 hand axe (1)]
  2534 | D:4      | Killed from afar by an orc priest

Levels and vault maps discovered:
D:1:      dpeg_arrival_tiny_f, layout_loops_cross
D:2:      layout_loops_ring, serial_shops, nicolae_shop_waterfront
D:3:      layout_basic, mainiacjoe_overflow_alcove_2, serial_corexii_hall,
          corexii_hall_statues_i, chequers_hall_statues_y,
          kennysheep_minor_cross
D:4:      layout_loops_corners, nemelex_dance_club_becter,
          grunt_temple_overflow_open, serial_rivers,
          chequers_serial_rivers_large_a, chequers_serial_rivers_room_b,
          chequers_serial_rivers_micro_c, chequers_serial_rivers_room_b,
          chequers_serial_rivers_room_a, chequers_serial_rivers_micro_e

Skill      XL: |  1  2  3  4 |
---------------+-------------+-----
Ranged Weapons | 3 4 |  4.7
Fighting       | 2 |  2.0
Armour         | 1 |  1.0
Dodging        | |  1.5
Spellcasting   | |  1.0
Hexes          | |  2.6

Action                     |  1- 3 |  4- 6 || total
---------------------------+-------+-------++-------
   Fire: Sling             |   145 |   107 ||   252
    Use: Scroll            |     6 |     4 ||    10
         Potion            |       |     3 ||     3
 Armour: Robe              |     3 |       ||     3
         Ring mail         |    12 |    37 ||    49
         Leather armour    |     8 |       ||     8
  Dodge: Dodged            |    31 |    45 ||    76

Table legend:
 A = Non-vault XP
 B = Vault XP
 C = Vault XP percentage of total XP
 D = Non-vault monster count
 E = Vault monster count
 F = Vault count percentage of total count
                 A         B        C        D         E       F
            +---------+---------+-------+---------+---------+-------
      Total |     187 |       5 |   2.6 |      63 |       2 |   3.1
            +---------+---------+-------+---------+---------+-------
        D:1 |      30 |       0 |   0.0 |      17 |       0 |   0.0
        D:2 |      43 |       0 |   0.0 |      18 |       0 |   0.0
        D:3 |      93 |       0 |   0.0 |      24 |       0 |   0.0
        D:4 |      21 |       5 |  19.2 |       4 |       2 |  33.3
            +---------+---------+-------+---------+---------+-------
